 Dungeon Crawl Stone Soup version 0.18-a0-1718-g40ea4b6 (webtiles) character file.

179 ololoev the Skirmisher (level 5, 48/48 HPs)
             Began as a Hill Orc Fighter on Apr 8, 2016.
             Was a Follower of Kikubaaqudgha.
             Quit the game on level 3 of the Dungeon.
             The game lasted 00:03:51 (1579 turns).

ololoev the Skirmisher (Hill Orc Fighter)           Turns: 1579, Time: 00:03:51

Health: 48/48      AC:  7    Str: 20    XL:     5   Next: 59%
Magic:  5/5        EV:  9    Int:  8    God:    Kikubaaqudgha [*.....]
Gold:   173        SH:  0    Dex: 10    Spells: 0 memorised, 4 levels left

rFire  . . .     SeeInvis .     a - +0 war axe
rCold  . . .     Gourm    .     b - +0 scale mail
rNeg   . . .     Faith    .     (no shield)
rPois  .         Spirit   .     (no helmet)
rElec  .         Dismiss  .     (no cloak)
rCorr  .         Reflect  .     (no gloves)
SustAt .         Harm     .     (no boots)
MR     .....                    (no amulet)
Stlth  ..........               (no ring)
                                (no ring)

@: not resistant to hostile enchantments, extremely unstealthy
A: no striking features
a: Receive Corpses, Renounce Religion

Inventory:

Hand Weapons
 a - a +0 war axe (weapon)
Armour
 b - a +0 scale mail (worn)
Scrolls
 c - 3 scrolls of identify {unknown}
 h - 2 scrolls of magic mapping {unknown}
 k - a scroll of recharging {unknown}
 l - a scroll of random uselessness {unknown}
 n - a scroll of teleportation {unknown}
 o - a scroll of enchant weapon {unknown}
Potions
 d - a potion of might
 e - a potion of mutation {unknown}
 m - a potion of brilliance {unknown}
Comestibles
 f - 5 bread rations
 g - a royal jelly
 i - a slice of pizza
 j - 3 fruits


   Skills:
 + Level 5.1 Fighting
 + Level 4.9 Axes
 + Level 4.5 Armour
   Level 3.2 Shields


You had 4 spell levels left.
You didn't know any spells.


You were on level 3 of the Dungeon.
You worshipped Kikubaaqudgha.
Kikubaaqudgha was aware of your devotion.
You were hungry.

You visited 1 branch of the dungeon, and saw 3 of its levels.

You collected 173 gold pieces.

.#### #.......# #. #.......#
....#
###.....###.####.###.##
###.#####..........###.###.#
..............###..........#
#.#..##.......###...##.#####
#.#..............###.#.#
..†)###.#.####.....#...#
.^..# #.#.# ##..#..#.###
...## #.#.# #..#@#..## #.##
#.#.###...#...# #.#
#............## #.#
#.._..######## #.# #.....#
#.# #.##### #.# #.# #.# #.#
#.# #.#

Notes
Turn   | Place    | Note
--------------------------------------------------------------
     0 | D:1      | ololoev the Hill Orc Fighter began the quest for the Orb.
     0 | D:1      | Reached XP level 1. HP: 19/19 MP: 1/1
    34 | D:1      | Found a sparkling altar of Nemelex Xobeh.
   245 | D:1      | Reached XP level 2. HP: 27/27 MP: 2/2
   254 | D:1      | Reached skill level 4 in Fighting
   415 | D:2      | BrandedWarrior: За советом тут зашел. А какого бога лучше стабберу спригану взять?
   422 | D:2      | ololoev: дитх, эш
   422 | D:2      | ololoev: jrf
   422 | D:2      | ololoev: ока
   422 | D:2      | ololoev: зин
   518 | D:2      | Reached XP level 3. HP: 33/33 MP: 3/3
   713 | D:2      | BrandedWarrior: А, блин. Опять зависло.
   870 | D:2      | Reached XP level 4. HP: 35/41 MP: 4/4
   912 | D:2      | Noticed Natasha
   921 | D:2      | Killed Natasha
   943 | D:2      | Noticed Natasha
   947 | D:2      | Killed Natasha
   969 | D:2      | Noticed Natasha
   987 | D:2      | Killed Natasha
   987 | D:2      | Reached skill level 5 in Fighting
   987 | D:2      | Reached XP level 5. HP: 35/48 MP: 5/5
  1390 | D:3      | Found a faded altar to an unknown god.
  1392 | D:3      | Found an opulent altar of Gozag.
  1579 | D:3      | Became a worshipper of Kikubaaqudgha
  1579 | D:3      | Reached * piety under Kikubaaqudgha
  1579 | D:3      | Received a gift from Kikubaaqudgha
  1579 | D:3      | Quit the game

Dungeon Overview and Level Annotations

Branches:
Dungeon (3/15)

Altars:
Gozag
Kikubaaqudgha
Nemelex Xobeh


Message History

The giant cockroach is heavily wounded.
The giant cockroach bites you but does no damage.
The giant cockroach barely misses you.
You barely miss the giant cockroach.
The giant cockroach is heavily wounded.
The giant cockroach barely misses you.
You closely miss the giant cockroach.
The giant cockroach is heavily wounded.
The giant cockroach barely misses you.
The giant cockroach bites you but does no damage.
Your scale mail prevents you from hitting the giant cockroach.
The giant cockroach is heavily wounded.
The giant cockroach closely misses you.
You hit the giant cockroach.
You kill the giant cockroach!
No target in view!
No target in view!
A jackal comes into view.
Found 18 stones.
A jackal is nearby!
A jackal is nearby!
A jackal comes into view.
You barely miss the jackal.
The jackal bites you but does no damage.
The jackal misses you.
Your scale mail prevents you from hitting the jackal.
The jackal barely misses you. The jackal bites you. x2
You closely miss the jackal. x2
The jackal bites you but does no damage.
The jackal barely misses you.
The jackal bites you but does no damage.
The jackal barely misses you.
You closely miss the jackal. You barely miss the jackal.
The jackal barely misses you. The jackal closely misses you.
The jackal barely misses you.
You closely miss the jackal. You slash the jackal!
You kill the jackal!
The jackal bites you. The jackal closely misses you.
You slash the jackal!
You kill the jackal!
No target in view!
No target in view!
No target in view!
No target in view!
No target in view!
No target in view!
No target in view!
No target in view!
No target in view!
No target in view!
No target in view!
No target in view!
No target in view!
No target in view!
No target in view!
Search for what [? for help]? alta A jackal comes into view.
The jackal bites you but does no damage.
You barely miss the jackal. The jackal barely misses you.
The jackal bites you but does no damage.
You slash the jackal!
You kill the jackal!
No target in view!
No target in view!
No target in view!
No target in view!
No target in view!
No target in view!
(D) Dungeon
Where to? (Enter - D:3 @ (x,y), ? - help)
You are feeling hungry.
(D) Dungeon
Where to? (Enter - D:3 @ (x,y), ? - help)
There is a faded altar to an unknown god here.
This altar will convert you to a god.
You cannot discern which.
Do you pray? Kikubaaqudgha accepts your prayer! Kikubaaqudgha welcomes you!
You can now receive cadavers from Kikubaaqudgha.
Kikubaaqudgha grants you a gift!
Are you sure you want to abandon this character and quit the game? (Confirm with "yes".)

There were no monsters in sight!

Vanquished Creatures
  Natasha (thrice) (D:2)
  3 adders
  An ooze (D:2)
  2 worms (D:2)
  2 dart slugs
  3 giant geckos
  2 giant cockroaches
  11 goblins
  2 hobgoblins (D:3)
  5 jackals (D:3)
  3 quokkas
  A ball python (D:3)
  10 bats
  3 giant newts
  4 kobolds
  6 rats
61 creatures vanquished.

Action                   |  1- 3 |  4- 6 || total
-------------------------+-------+-------++-------
Melee: War axe           |    81 |   113 ||   194
  Eat: Chunk             |       |     2 ||     2

Vault maps used:
D:1:      mrwooster_arrival_statue_2, nemelex_xobeh_ov_fountains_minmay
D:2:      uniq_natasha
D:3:      ecumenical_altar_1, first_bread, nicolae_gozag_seed_capital,
          uniq_jessica
